 Dungeon Crawl Stone Soup version 0.28.0-43-g3370ac3207 (webtiles) character file.

Game seed: 16344553515176893720

172 Ablot the Grasshopper (level 5, -4/43 HPs)
             Began as a Gnoll Warper on Mar 22, 2022.
             Slain by a gnoll sergeant
             ... wielding a +1 spear of venom
              (10 damage)
             ... on level 3 of the Dungeon.
             The game lasted 00:04:09 (3854 turns).

Ablot the Grasshopper (Gnoll Warper)                Turns: 3854, Time: 00:04:10

Health: -4/43      AC:  5    Str: 12    XL:     5   Next: 52%
Magic:  12/12      EV: 13    Int: 12    God:
Gold:   77         SH:  0    Dex: 12    Spells: 12/14 levels left

rFire   . . .      SeeInvis .   a - +0 spear
rCold   . . .      Faith    .   (no shield)
rNeg    . . .      Spirit   .   b - +0 leather armour
rPois   .          Reflect  .   q - +0 helmet
rElec   .          Harm     .   (no cloak)
rCorr   .          Rampage  .   (no gloves)
Will    .....                   n - +0 pair of boots
Stlth   +.........              (no amulet)
HPRegen 0.14/turn               (no ring)
MPRegen 0.13/turn               (no ring)

@: lethally poisoned (-4 -> -9)
A: fangs 1, strong nose, distributed training
a: no special abilities


You were on level 3 of the Dungeon.
You visited 1 branch of the dungeon, and saw 4 of its levels.

You collected 77 gold pieces.

Inventory:

Hand Weapons
 a - a +0 spear (weapon)
Missiles
 d - 5 boomerangs of dispersal
 e - 2 atropa-tipped darts
 k - 60 stones
 m - a javelin (quivered)
 r - 3 poisoned darts
 t - 12 arrows
Armour
 b - a +0 leather armour (worn)
 n - a +0 pair of boots (worn)
 q - a +0 helmet (worn)
Jewellery
 h - an amulet of faith
Wands
 s - a wand of flame (23)
Scrolls
 c - a scroll of blinking
 f - 2 scrolls of identify {unknown}
 g - a scroll of enchant armour {unknown}
 i - a scroll of noise {unknown}
 l - a scroll of fear {unknown}
 o - a scroll of silence {unknown}
 u - a scroll of fog {unknown}
Potions
 j - a potion of curing {unknown}
 p - a potion of flight {unknown}


   Skills:
 + Level 4.8 Fighting
 + Level 1.5 Short Blades
 + Level 1.5 Long Blades
 + Level 1.5 Axes
 + Level 1.5 Maces & Flails
 + Level 4.8 Polearms
 + Level 1.5 Staves
 + Level 1.5 Slings
 + Level 1.5 Bows
 + Level 1.5 Crossbows
 + Level 3.0 Throwing
 + Level 3.0 Armour
 + Level 4.8 Dodging
 + Level 1.5 Stealth
 + Level 1.5 Shields
 + Level 1.5 Unarmed Combat
 + Level 5.2 Spellcasting
 + Level 1.2 Conjurations
 + Level 1.2 Hexes
 + Level 1.2 Summonings
 + Level 1.2 Necromancy
 + Level 5.5 Translocations
 + Level 1.2 Transmutations
 + Level 1.2 Fire Magic
 + Level 1.2 Ice Magic
 + Level 1.2 Air Magic
 + Level 1.2 Earth Magic
 + Level 1.2 Poison Magic
 + Level 1.7 Invocations
 + Level 1.5 Evocations


You had 12 spell levels left.
You knew the following spells:

 Your Spells              Type           Power      Damage    Failure   Level
a - Blink                 Tloc           32%        N/A       3%          2

Your spell library contained the following spells:

 Spells                   Type           Power      Damage    Failure   Level
 Apportation              Tloc           32%        N/A       2%          1
 Gell's Gravitas          Tloc           16%        N/A       8%          3
 Lesser Beckoning         Tloc           16%        N/A       8%          3
 Teleport Other           Tloc           16%        N/A       8%          3
 Ignite Poison            Fire/Tmut/Pois 6%         N/A       41%         3
 Mephitic Cloud           Conj/Pois/Air  6%         N/A       41%         3
 Manifold Assault         Tloc           16%        N/A       56%         5
 Freezing Cloud           Conj/Ice/Air   3%         6-21      99%         5


Dungeon Overview and Level Annotations

Branches:
Dungeon (4/15)
 Temple: D:4-7

Altars:


Innate Abilities, Weirdness & Mutations

You have very sharp teeth.
Your uncanny sense of smell can sniff out nearby items.
Your experience applies equally to all skills.


Message History

The javelin pierces through the gnoll sergeant.
The gnoll sergeant is lightly wounded.
The javelin barely misses the gnoll.
You feel very sick. The gnoll sergeant misses you.
The gnoll closely misses you. The gnoll sergeant barely misses you.
Throw: 4 javelins
Press: ? - help, Q - select action, (/) - cycle Shift-Dir - straight line, f/p - gnoll
Aim: a gnoll, wielding a +0 whip (heavily wounded, 64% to hit)
You throw a javelin. The javelin barely misses the gnoll.
The javelin pierces through the gnoll sergeant.
The gnoll sergeant is moderately wounded.
The javelin barely misses the gnoll.
You feel very sick. The gnoll hits you with a +0 whip.
The gnoll sergeant hits you from afar with a +1 spear of venom.
The gnoll hits you but does no damage.
Throw: 3 javelins
Press: ? - help, Q - select action, (/) - cycle Shift-Dir - straight line, f/p - gnoll
Aim: a gnoll, wielding a +0 whip (heavily wounded, 64% to hit)
You throw a javelin.
The javelin pierces through the gnoll but does no damage.
The gnoll is heavily wounded.
The javelin barely misses the gnoll sergeant.
The javelin pierces through the gnoll!
You kill the gnoll!
You feel sick. The gnoll sergeant barely misses you.
The gnoll hits you with a +0 whip.
* * * LOW HITPOINT WARNING * * *
Throw: 2 javelins
Press: ? - help, Q - select action, (/) - cycle Shift-Dir - straight line, f - gnoll sergeant
Aim: a gnoll sergeant, wielding a +1 spear of venom, wearing a +0 scale mail and wearing a +0 kite shield (moderately wounded, 71% to hit)
You throw a javelin. The javelin pierces through the gnoll!
You kill the gnoll!
The javelin pierces through the gnoll sergeant.
The gnoll sergeant is moderately wounded.
* * * LOW HITPOINT WARNING * * *
You feel sick.
The gnoll sergeant hits you from afar with a +1 spear of venom!
You die...

##...############ ##......#
#.....##........####..##.#.##
.......#..##P....##..##..#..##
.......#.^..#.....#.##.#.#.#.#
..........##P#......##.#.#.#.##
#........^.P#P#..####.##.#.##.#
..........##.#.#.####.##.#.##.###
.).....#.^.#.#.#.......'.'.'.....
.......#.._#P#.#@#.##.##.#.##.##.
...........#.#.#)#..#.##.#.##.#..
.#...##...##.#.#g#..##.#.#.#)##..
.######.....#.#.)#..##.#.#.#.##..
.# ##.^##.#...#..###..#..###..
.#######....#g........##.#.## ###
.#........##)...(..........# #.
..............####.....[...# #.
............### #.........# #.


You could see a gnoll sergeant.

Vanquished Creatures
  Robin (D:3)
  2 gnolls (D:3)
  8 adders
  A worm (D:2)
  A dart slug (D:2)
  8 bats
  3 endoplasms
  2 giant cockroaches
  9 goblins
  12 hobgoblins
  9 jackals
  2 quokkas (D:1)
  6 ball pythons
  2 frilled lizards
  3 kobolds
  3 rats
72 creatures vanquished.

Vanquished Creatures (others)
  A fungus (D:3)
1 creature vanquished.

Grand Total: 73 creatures vanquished

Notes
Turn   | Place    | Note
-------+----------+-------------------------------------------
     0 | D:1      | Ablot the Gnoll Warper began the quest for the Orb.
     0 | D:1      | Reached XP level 1. HP: 20/20 MP: 6/6
    54 | D:1      | Reached XP level 2. HP: 6/26 MP: 7/7
    60 | D:1      | Learned a level 2 spell: Blink
   920 | D:1      | Reached XP level 3. HP: 31/31 MP: 9/9
  1269 | D:2      | Reached skill level 5 in Spellcasting
  1290 | D:2      | Reached skill level 1 in Invocations
  1579 | D:1      | Reached skill level 1 in Short Blades
  1579 | D:1      | Reached skill level 1 in Long Blades
  1579 | D:1      | Reached skill level 1 in Axes
  1579 | D:1      | Reached skill level 1 in Maces & Flails
  1579 | D:1      | Reached skill level 1 in Staves
  1579 | D:1      | Reached skill level 1 in Slings
  1579 | D:1      | Reached skill level 1 in Bows
  1579 | D:1      | Reached skill level 1 in Crossbows
  1579 | D:1      | Reached skill level 1 in Stealth
  1579 | D:1      | Reached skill level 1 in Shields
  1579 | D:1      | Reached skill level 1 in Unarmed Combat
  1579 | D:1      | Reached skill level 1 in Evocations
  1859 | D:2      | Reached XP level 4. HP: 13/38 MP: 11/11
  2892 | D:3      | Reached skill level 1 in Conjurations
  2892 | D:3      | Reached skill level 1 in Hexes
  2892 | D:3      | Reached skill level 1 in Summonings
  2892 | D:3      | Reached skill level 1 in Necromancy
  2892 | D:3      | Reached skill level 1 in Transmutations
  2892 | D:3      | Reached skill level 1 in Fire Magic
  2892 | D:3      | Reached skill level 1 in Ice Magic
  2892 | D:3      | Reached skill level 1 in Air Magic
  2892 | D:3      | Reached skill level 1 in Earth Magic
  2892 | D:3      | Reached skill level 1 in Poison Magic
  3048 | D:3      | Noticed Robin
  3064 | D:3      | Killed Robin
  3104 | D:3      | Reached XP level 5. HP: 29/43 MP: 12/12
  3706 | D:3      | Found a faded altar of an unknown god.
  3714 | D:3      | Got Plato's Incunabulum of the Voyage
  3854 | D:3      | Slain by a gnoll sergeant

Illustrated notes

Levels and vault maps discovered:
D:1:      dpeg_arrival_more_subterranean_lakeside_camping, layout_loops_ring
D:2:      layout_basic, st_stairs_10, hangedman_decor_opposing
D:3:      layout_rooms, shapermc_ecumenical_altar_rom_forum, interstate_on_off,
          uniq_robin
D:4:      layout_rooms, minmay_misc_feat_more_columns, minmay_manual_mail

Skill      XL: |  1  2  3  4  5 |
---------------+----------------+-----
Spellcasting   | 5 |  5.2
Invocations    | 1 |  1.7
Short Blades   | 1 |  1.5
Long Blades    | 1 |  1.5
Axes           | 1 |  1.5
Maces & Flails | 1 |  1.5
Staves         | 1 |  1.5
Slings         | 1 |  1.5
Bows           | 1 |  1.5
Crossbows      | 1 |  1.5
Stealth        | 1 |  1.5
Shields        | 1 |  1.5
Unarmed Combat | 1 |  1.5
Evocations     | 1 |  1.5
Conjurations   | 1 |  1.2
Hexes          | 1 |  1.2
Summonings     | 1 |  1.2
Necromancy     | 1 |  1.2
Transmutations | 1 |  1.2
Fire Magic     | 1 |  1.2
Ice Magic      | 1 |  1.2
Air Magic      | 1 |  1.2
Earth Magic    | 1 |  1.2
Poison Magic   | 1 |  1.2
Throwing       | 3 |  3.0
Armour         | 3 |  3.0
Fighting       | |  4.8
Polearms       | |  4.8
Dodging        | |  4.8
Translocations | |  5.5

Action                   |  1- 3 |  4- 6 || total
-------------------------+-------+-------++-------
Melee: Spear             |   141 |   190 ||   331
       Bite              |    12 |    12 ||    24
       Punch             |     2 |     2 ||     4
Throw: Dart              |     1 |       ||     1
       Javelin           |       |     5 ||     5
 Cast: Blink             |     2 |     1 ||     3
 Stab: Sleeping          |     1 |     6 ||     7
       Distracted        |       |     1 ||     1
Armor: Leather armour    |    43 |    35 ||    78
Dodge: Dodged            |    99 |   112 ||   211
